Map: Cerulean Fall LE

Players

Ziggy - Winner!

  • Race: Terran Terran
  • League: Gold
  • Spawn Location: 7:00

sjsz

  • Race: Protoss Protoss
  • League: Gold
  • Spawn Location: 1:00

VOD

Have the link to the VOD?

Description

Time

  • Played on: Dec. 11, 2018, 9:43 p.m.
  • Length: 8:00
Show
View Real Time Build Order
Export as new Build Order

Ziggy Terran - Winner!

Build Orders: Liberator Opening 

Get SALT Encoding   

  12  0:00  SCV  
  13  0:13  SCV  
  14  0:21  Supply Depot  
  14  0:25  SCV  
  15  0:33  Refinery  
  15  0:43  Barracks  
  15  0:46  SCV  
  16  0:53  Refinery  
  16  0:58  SCV  
  17  1:10  SCV  
  18  1:23  SCV  
  19  1:29  Supply Depot  
  19  1:33  Marine  
  19  1:35  SCV  
  22  1:47  SCV  
  22  1:53  Barracks Tech Lab  
  22  1:57  Factory  
  22  2:01  SCV  
  23  2:11  Marine  
  23  2:14  SCV  
  25  2:26  SCV  
  26  2:38  SCV  
  27  2:48  Starport  
  27  2:51  Orbital Command  
  27  2:53  Siege Tank  
  27  2:54  Barracks Reactor  
  30  3:01  Supply Depot  
  30  3:12  Liberator  
  30  3:18  Supply Depot  
  30  3:27  Starport Reactor  
  30  3:30  Siege Tank  
  30  3:32  Marine x2  
  38  3:50  Marine x2  
  34  3:55  Liberator  
  40  3:57  Supply Depot  
  43  4:38  Liberator, Command Center, Marine x2  
  43  4:50  Siege Tank  
  46  4:55  Marine  
  46  4:56  Marine  
  51  5:19  Marine  
  51  5:20  Marine  
  52  5:22  Siege Tank  
  55  5:33  Barracks  
  55  5:42  Marine  
  55  5:48  Marine  
  55  5:59  Siege Tank  
  55  6:00  Marine  
  55  6:02  SCV  
  60  6:05  SCV  
  60  6:06  Marine  
  62  6:14  SCV  
  62  6:17  SCV  
  55  6:31  Siege Tank  
  55  6:32  Marine x2  
  60  6:57  Marine x2  
  59  7:15  Marine x2  
  61  7:32  Marine x2  
Show
View Real Time Build Order
Export as new Build Order

sjsz Protoss 

Build Orders:  

Get SALT Encoding   

  12  0:02  Probe  
  13  0:14  Probe  
  14  0:24  Pylon  
  14  0:26  Probe  
  15  0:42  Probe  
  16  0:45  Gateway  
  16  0:54  Probe  
  17  1:00  Assimilator  
  17  1:06  Probe  
  19  1:18  Probe  
  19  1:30  Probe  
  20  1:42  Probe  
  20  1:43  Cybernetics Core  
  20  1:49  Pylon  
  20  1:54  Probe  
  21  2:03  Gateway  
  21  2:07  Probe  
  22  2:09  Assimilator  
  22  2:19  Probe  
  22  2:20  Stalker  
  25  2:23  Warp Gate  
  25  2:30  Robotics Facility  
  25  2:42  Pylon  
  25  2:44  Stalker  
  25  2:56  Stalker  
  27  3:01  Probe  
  30  3:08  Pylon  
  30  3:13  Probe  
  31  3:20  Immortal  
  35  3:28  Stalker  
  37  3:48  Gateway  
  37  3:54  Twilight Council  
  37  3:56  Probe  
  37  3:57  Pylon  
  37  3:58  Stalker  
  40  4:11  Observer  
  41  4:33  Immortal  
  39  4:44  Stalker  
  45  4:46  Zealot x2  
  47  5:02  Pylon  
  43  5:24  Dark Shrine  
  43  5:25  Pylon  
  43  5:30  Stalker x2  
  45  6:04  Warp Prism  
  45  6:08  Stalker  
  37  6:26  Zealot  
  37  6:27  Zealot  
  30  6:39  Dark Templar  
  30  6:52  Stalker  
  30  6:54  Dark Templar  
Tags
 
Add a new tag
Caveats
  • Supply blocks, unpowered buildings, or Contaminate may cause inaccurate times.
  • Supply counts are checked every 10 seconds.